 Dungeon Crawl Stone Soup version 0.25-a0-565-g8875c97ebb (webtiles) character file.

Game seed: 2990522254663605303, levelgen mode: deterministic

30 Flugslaktarn the Covered (level 3, -4/34 HPs)
             Began as a Deep Dwarf Fighter on Feb 26, 2020.
             Slain by an iguana (9 damage)
             ... on level 7 of the Dungeon.
             The game lasted 00:00:20 (352 turns).

Flugslaktarn the Covered (Deep Dwarf Fighter)        Turns: 352, Time: 00:00:20

Health: -4/34      AC:  8    Str: 20    XL:     3   Next: 3%
Magic:  3/3        EV:  7    Int:  8    God:
Gold:   35         SH:  9    Dex: 12    Spells: 2/2 levels left

rFire    . . .     SeeInvis .   a - +0 war axe
rCold    . . .     Gourm    .   c - +0 kite shield
rNeg     . . .     Faith    .   b - +0 scale mail
rPois    .         Spirit   .   j - +0 helmet (curse)
rElec    .         Reflect  .   (no cloak)
rCorr    .         Harm     .   (no gloves)
MR       .....                  (no boots)
Stlth    ..........             (no amulet)
HPRegen  0.00/turn              (no ring)
MPRegen  0.08/turn              (no ring)

@: non-regenerating
A: damage resistance, heal wounds, sense surroundings 1, no regeneration
a: Heal Wounds


You were on level 7 of the Dungeon.
You were not hungry.

You visited 1 branch of the dungeon, and saw 5 of its levels.

You collected 35 gold pieces.

Inventory:

Hand Weapons
 a - a +0 war axe (weapon)
Armour
 b - a +0 scale mail (worn)
 c - a +0 kite shield (worn)
 j - a cursed +0 helmet (worn)
   (You found it on level 2 of the Dungeon)
Jewellery
 l - a +4 ring of strength {unknown}
   (You found it on level 3 of the Dungeon)
Scrolls
 g - a scroll of teleportation {unknown}
 k - a scroll of fog {unknown}
 n - a scroll of enchant weapon {unknown}
 o - a scroll of amnesia {unknown}
Potions
 d - a potion of might
 h - a potion of degeneration {unknown}
 i - a potion of curing {unknown}
 m - a potion of heal wounds {unknown}
Comestibles
 e - a ration
 f - a chunk of flesh


   Skills:
 * Level 3.1 Fighting
 * Level 2.8 Axes
 + Level 3.5 Armour
 + Level 3.5 Shields


You had 2 spell levels left.
You didn't know any spells.
Your spell library was empty.

Dungeon Overview and Level Annotations

Branches:
Dungeon (4/15)
 Temple: D:4-7

Altars:


Innate Abilities, Weirdness & Mutations

You are resistant to damage.
You can heal yourself by infusing magical energy.
You passively map a small area around you.
You do not regenerate.


Message History

The iguana is severely wounded.
The iguana bites you.
You barely miss the iguana.
The iguana is severely wounded.
The iguana bites you but does no damage.
The iguana bites you!
You completely miss the iguana.
The iguana is heavily wounded.
The iguana bites you but does no damage.
Some of the chunks of flesh in your inventory have rotted away.
You hit the iguana.
The iguana is severely wounded.
The iguana bites you!
* * * LOW HITPOINT WARNING * * *
You are too injured to fight recklessly!
You are too injured to fight recklessly!
An iguana is nearby!
An iguana is nearby!
You fail to use your ability.
The iguana bites you!
You die...

* #.* * #.# , ##.#.
#.# **, * #.... #.# ,
, , ,....# #.# ,, ,
.....##.# , * #.#
#.#.### * * #.#
#.....# ,
#.###.##..#####..# *
* * ,
*#.#@...###..........
*, #.....l>..##
##.#####..#
#####.#.### #.# * ,
#.#.# #.#*** * #.#.#
#####.# , *
#.#.###.....# ,, ,
#.#.##...#### ,,
#............. , ,
###..#...####.


You could see an iguana.

Vanquished Creatures
  2 adders
  A giant cockroach (D:2)
  3 jackals (D:2)
  3 bats
  A kobold (D:2)
  A quokka skeleton (D:4)
  A quokka zombie (D:7)
  2 rats
14 creatures vanquished.

Notes
Turn   | Place    | Note
-------+----------+-------------------------------------------
     0 | D:1      | Flugslaktarn the Deep Dwarf Fighter began the quest for the
                  | Orb.
     0 | D:1      | Reached XP level 1. HP: 20/20 MP: 1/1
   127 | D:2      | Reached XP level 2. HP: 16/28 MP: 2/2
   259 | D:3      | Reached XP level 3. HP: 34/34 MP: 3/3
   317 | D:4      | You fall into a shaft and drop 3 floors!
   352 | D:7      | Slain by an iguana

Levels and vault maps discovered:
D:1:      dpeg_arrival_houses_and_road, layout_loops_ring
D:2:      layout_basic, kennysheep_generic_room_6
D:3:      corexii_shack_village, layout_loops_ring,
          chequers_ecumenical_altar_simple_redux
D:4:      minmay_spotlight, layout_loops_ring, grunt_temple_overflow_diamond,
          kennysheep_generic_room_10, uniq_sigmund, uniq_natasha, uniq_pikel
D:7:      layout_loops_ring, vehumet_altar_wand_db, uniq_joseph

Skill      XL: |  1 |
---------------+----+-----
Fighting       | 3 |  3.1
Axes           | |  2.8
Armour         | |  3.5
Shields        | |  3.5

Action                   || total
-------------------------++-------
Melee: War axe           ||    61
 Abil: Heal Wounds       ||     1
Armor: Scale mail        ||    43
Dodge: Dodged            ||    33
Block: Kite shield       ||    43

Table legend:
 A = Non-vault XP
 B = Vault XP
 C = Vault XP percentage of total XP
 D = Non-vault monster count
 E = Vault monster count
 F = Vault count percentage of total count
                 A         B        C        D         E       F
            +---------+---------+-------+---------+---------+-------
      Total |      43 |       0 |   0.0 |      14 |       0 |   0.0
            +---------+---------+-------+---------+---------+-------
        D:1 |       3 |       0 |   0.0 |       2 |       0 |   0.0
        D:2 |      24 |       0 |   0.0 |       8 |       0 |   0.0
        D:3 |      14 |       0 |   0.0 |       2 |       0 |   0.0
        D:4 |       1 |       0 |   0.0 |       1 |       0 |   0.0
        D:7 |       1 |       0 |   0.0 |       1 |       0 |   0.0
            +---------+---------+-------+---------+---------+-------
